 Dungeon Crawl Stone Soup version 0.31-a0-174-g85c54bcb58 (webtiles) character file.

Game seed: 13784269416985708216

89 qw the Shooter (level 4, 0/40 HPs)
             Began as a Naga Hunter on June 15, 2023.
             Slain by a goblin
             ... wielding a +0 dagger
             ... led by Robin
              (2 damage)
             ... on level 3 of the Dungeon.
             The game lasted 00:00:33 (1740 turns).

qw the Shooter (Naga Hunter)                        Turns: 1740, Time: 00:00:34

Health: 0/40       AC:  2    Str: 13    XL:     4   Next: 55%
Magic:  4/4        EV:  9    Int:  9    God:
Gold:   182        SH:  0    Dex: 17    Spells: 3/3 levels left

rFire   . . .        b - +5 sling of the Lair of Beasts {heavy, rElec rPois}
rCold   . . .        (no shield)
rNeg    . . .        c - +0 leather armour
rPois   +            (no helmet)
rElec   +            (no cloak)
rCorr   .            (no gloves)
SInv    +            (no barding)
Will    .....        (no amulet)
Stlth   ++           (no ring)
HPRegen 0.26/turn    (no ring)
MPRegen 0.09/turn

%: no passive effects
@: about to teleport, very slow
A: AC +1, large, see invisible, deformed body, poison resistance, slowness 2,
spit poison 1, naga tail 1
a: Spit Poison


You were on level 3 of the Dungeon.
You visited 1 branch of the dungeon, and saw 3 of its levels.

You collected 182 gold pieces.


Innate Abilities, Weirdness & Mutations

Your serpentine skin is tough. (AC +1)
You have supernaturally acute eyesight. (SInv)
Armour fits poorly on your strangely shaped body.
Your system is resistant to poisons. (rPois)
You cover ground very slowly.
You can spit poison.
You have a snake-like lower body.


   Skills:
 + Level 2.7 Fighting
 - Level 5.0 Ranged Weapons
 - Level 1.5 Dodging
 - Level 1.5 Stealth


You had 3 spell levels left.
You didn't know any spells.
Your spell library was empty.

Inventory:

Hand Weapons
 b - the +5 sling of the Lair of Beasts (weapon) {heavy, rElec rPois}
   (You found it on level 2 of the Dungeon)

   rElec:     It insulates you from electricity.
   rPois:     It protects you from poison.
Armour
 c - a +0 leather armour (worn)
Scrolls
 a - 2 scrolls of identify
 j - 5 scrolls of teleportation
Potions
 k - a potion of heal wounds
 l - a potion of curing

Dungeon Overview and Level Annotations

Branches:
Dungeon (3/15)

Altars:
Qazlal

Annotations:
D:3 Robin


Message History

A hobgoblin comes into view.
You shoot a sling bullet.
The sling bullet barely misses the goblin.
The hobgoblin shouts!
The sling bullet hits the goblin!
You kill the goblin!
You have got your breath back.
The goblin barely misses you. x3; The goblin hits you with a +0 dagger.
A hobgoblin comes into view.
1735 ||| INVOKING Spit Poison.
Aiming: Spit Poison (1% risk of failure)
Press: ? - help, Shift-Dir - straight line, f/p - goblin The splash of poison hits the goblin!
The goblin is poisoned.
You kill the goblin!
The goblin barely misses you.
You shoot a sling bullet. The sling bullet hits the hobgoblin!!
You kill the hobgoblin!
The goblin hits you with a +0 dagger. The goblin closely misses you.
The goblin hits you but does no damage.
You shoot a sling bullet. The sling bullet hits the goblin!
You kill the goblin!
The goblin hits you with a +0 dagger. Robin closely misses you.
The goblin hits you with a +0 dagger.
You shoot a sling bullet. The sling bullet hits Robin!
Robin is severely wounded.
Robin throws the goblin at you! The hobgoblin hits you.
The goblin hits you with a +0 dagger.
You shoot a sling bullet. The sling bullet hits Robin.
Robin is almost dead.
You have got your breath back.
Robin closely misses you. The hobgoblin closely misses you.
The goblin hits you but does no damage. Robin hits you with a +0 short sword.
The hobgoblin hits you but does no damage.
The goblin hits you with a +0 dagger. The hobgoblin hits you.
1740 ||| READING 6 scrolls of teleportation.
As you read the scroll of teleportation, it crumbles to dust.
You feel strangely unstable. The hobgoblin misses you.
Robin hits you with a +0 short sword. The goblin hits you with a +0 dagger.
You die...

###...#######+###
..#...# ..#...# ..
..'...+ ..### ..#%..#
#.#.# ..#...# #.#.#####
..#...#######.#.#...
..#.........#.#g#g####.#
..#....####.#.#.@g%).%)#
..#....##.....#..g#.....
######.#..#.......+ ...
#.#.........## .
#.#...........#
#.#.........#.#
#.#........##.#
#........+ # #........#


You could see Robin, 2 hobgoblins and a goblin (strong).

Vanquished Creatures
  Terence (D:2)
  An adder (D:2)
  2 worms
  An orc (D:3)
  2 ball pythons
  4 bats
  5 endoplasms
  A giant cockroach (D:3)
  7 goblins
  3 hobgoblins (D:3)
  4 jackals (D:1)
  2 quokkas
  5 frilled lizards
  3 kobolds
  4 rats
45 creatures vanquished.

Notes
Turn   | Place    | Note
-------+----------+-------------------------------------------
     0 | D:1      | qw the Naga Hunter began the quest for the Orb.
     0 | D:1      | Reached XP level 1. HP: 19/19 MP: 1/1
     0 | D:1      | 0 ||| qw: Version: 0.2-a-29-g511e9b1
     0 | D:1      | 0 ||| qw: Game counter: 5174
     0 | D:1      | 0 ||| qw: Always use a shield: true
     0 | D:1      | 0 ||| qw: God list: Okawaru
     0 | D:1      | 0 ||| qw: Allow faded altars: false
     0 | D:1      | 0 ||| qw: Do Orc after D:15 true
     0 | D:1      | 0 ||| qw: Do second Lair branch before Depths: true
     0 | D:1      | 0 ||| qw: Lair rune preference: random
     0 | D:1      | 0 ||| qw: Plans: Normal
     0 | D:1      | 0 ||| PLANNING D:1-11
    72 | D:1      | 72 ||| INVOKING Spit Poison.
   196 | D:1      | 196 ||| INVOKING Spit Poison.
   200 | D:1      | Reached skill level 4 in Ranged Weapons
   200 | D:1      | Reached XP level 2. HP: 26/26 MP: 2/2
   200 | D:1      | 200 ||| INVOKING Spit Poison.
   206 | D:1      | 206 ||| INVOKING Spit Poison.
   423 | D:1      | 423 ||| INVOKING Spit Poison.
   429 | D:1      | 429 ||| INVOKING Spit Poison.
   478 | D:1      | 478 ||| INVOKING Spit Poison.
   921 | D:1      | 921 ||| DROPPING +6 ring of intelligence.
   922 | D:1      | 922 ||| READING scroll labelled BUKHLEECUEG.
   923 | D:1      | 923 ||| READING 2 scrolls labelled SEYGICZEPN.
   924 | D:1      | 924 ||| READING scroll labelled GEGOMOGUMO.
   925 | D:1      | 925 ||| READING 2 scrolls labelled HILANA XAKINK.
   929 | D:1      | 929 ||| DRINKING 2 fizzy yellow potions.
   930 | D:1      | 930 ||| DRINKING 2 bubbling silvery potions.
   931 | D:1      | 931 ||| DROPPING scroll of butterflies.
   932 | D:1      | 932 ||| DROPPING potion of invisibility.
   933 | D:1      | 933 ||| DROPPING scroll of vulnerability.
   996 | D:2      | Found a stormy altar of Qazlal.
  1008 | D:2      | 1008 ||| INVOKING Spit Poison.
  1041 | D:2      | Noticed Terence
  1042 | D:2      | 1042 ||| INVOKING Spit Poison.
  1043 | D:2      | 1043 ||| INVOKING Spit Poison.
  1046 | D:2      | 1046 ||| INVOKING Spit Poison.
  1052 | D:2      | 1052 ||| INVOKING Spit Poison.
  1052 | D:2      | Killed Terence
  1053 | D:2      | Reached XP level 3. HP: 14/32 MP: 3/3
  1128 | D:2      | 1128 ||| INVOKING Spit Poison.
  1160 | D:2      | 1160 ||| INVOKING Spit Poison.
  1163 | D:2      | 1163 ||| INVOKING Spit Poison.
  1184 | D:2      | Identified the +5 sling of the Lair of Beasts {heavy, rElec
                  | rPois}
  1186 | D:2      | 1186 ||| UPGRADING to +5 sling of the Lair of Beasts
                  | {heavy, rElec rPois}.
  1187 | D:2      | 1187 ||| DROPPING +0 shortbow.
  1192 | D:2      | 1192 ||| INVOKING Spit Poison.
  1211 | D:2      | 1211 ||| INVOKING Spit Poison.
  1214 | D:2      | Reached skill level 5 in Ranged Weapons
  1214 | D:2      | Reached XP level 4. HP: 36/39 MP: 4/4
  1270 | D:2      | 1270 ||| INVOKING Spit Poison.
  1382 | D:2      | 1382 ||| INVOKING Spit Poison.
  1446 | D:2      | 1446 ||| INVOKING Spit Poison.
  1509 | D:2      | 1509 ||| READING 3 scrolls of identify.
  1509 | D:2      | 1509 ||| IDENTIFYING blue potion
  1510 | D:2      | 1510 ||| READING 2 scrolls of identify.
  1510 | D:2      | 1510 ||| IDENTIFYING murky ruby potion
  1511 | D:2      | 1511 ||| DROPPING potion of enlightenment.
  1531 | D:3      | 1531 ||| PLANNING SEWER
  1549 | D:3      | 1549 ||| INVOKING Spit Poison.
  1581 | D:3      | 1581 ||| INVOKING Spit Poison.
  1688 | D:3      | 1688 ||| INVOKING Spit Poison.
  1695 | D:3      | 1695 ||| INVOKING Spit Poison.
  1696 | D:3      | 1696 ||| INVOKING Spit Poison.
  1710 | D:3      | 1710 ||| INVOKING Spit Poison.
  1730 | D:3      | 1730 ||| INVOKING Spit Poison.
  1731 | D:3      | Noticed Robin
  1735 | D:3      | 1735 ||| INVOKING Spit Poison.
  1739 | D:3      | HP: 7/40 [hobgoblin[Robin] (4)]
  1740 | D:3      | 1740 ||| READING 6 scrolls of teleportation.
  1740 | D:3      | HP: 2/40 [Robin/+0 short sword (5)]
  1740 | D:3      | Slain by a goblin

Levels and vault maps discovered:
D:1:      dpeg_arrival_refuge, layout_loops_corners
D:2:      layout_basic, basic_altar, uniq_terence
D:3:      layout_basic, gup_sewer_entry_bubbles, nrook_loot_triangle,
          uniq_robin, uniq_jessica

Skill      XL: |  1  2  3 |
---------------+----------+-----
Ranged Weapons | 4 5 |  5.0
Fighting       | |  2.7
Dodging        | |  1.5
Stealth        | |  1.5

Action                     |  1- 3 |  4- 6 || total
---------------------------+-------+-------++-------
   Fire: Shortbow          |    45 |       ||    45
         Sling             |     4 |    27 ||    31
Ability: Spit Poison       |    16 |    10 ||    26
    Use: Scroll            |     4 |     3 ||     7
         Potion            |     2 |       ||     2
 Armour: Leather armour    |     7 |     5 ||    12
  Dodge: Dodged            |     9 |    12 ||    21

Table legend:
 A = Non-vault XP
 B = Vault XP
 C = Vault XP percentage of total XP
 D = Non-vault monster count
 E = Vault monster count
 F = Vault count percentage of total count
                 A         B        C        D         E       F
            +---------+---------+-------+---------+---------+-------
      Total |      77 |      51 |  39.8 |      36 |       9 |  20.0
            +---------+---------+-------+---------+---------+-------
        D:1 |      27 |       0 |   0.0 |      16 |       0 |   0.0
        D:2 |      32 |      36 |  52.9 |      11 |       1 |   8.3
        D:3 |      18 |      15 |  45.5 |       9 |       8 |  47.1
            +---------+---------+-------+---------+---------+-------
